NYP
SPOKANE INDIANS @ ABERDEEN IRONBIRDS
08/06/2045
 
TOP OF THE 1ST
Spokane Indians batting - Pitching for Aberdeen Ironbirds : RHP Jonathan Spicer
Pitching: RHP Jonathan Spicer
Batting: RHB Dennis Daniels 0-0: Ball
1-0: Ball
2-0: Called Strike
2-1: Foul Ball, location: 2F
2-2: Foul Ball, location: 2F
2-2: Hit by Pitch
Batting: RHB Andrew Clarke 0-0: Ball
1-0: Ball
2-0: Ball
3-0: Called Strike
3-1: Base on Balls
Dennis Daniels to second
Batting: RHB Jesse White 0-0: Ball
1-0: Foul Ball, location: 2F
1-1: Ball
2-1: Called Strike
2-2: Ball
Passed Ball!
Dennis Daniels to third
Andrew Clarke to second
3-2: Base on Balls
Batting: LHB William Hanley 0-0: Ball
1-0: Fly out, F8 (Line Drive, 8LM, EV 105.6 MPH)
Runner from 3rd tags up, SCORES, throw by CF
Batting: RHB Gavin Fimple 0-0: Fielders Choice at 2nd, 6-4 (Groundball, 6, EV 80.6 MPH)
Andrew Clarke to third
Batting: RHB Brandon Davis 0-0: Foul Ball, location: 2F
0-1: Ball
1-1: Hit by Pitch
Gavin Fimple to second
Batting: LHB Justin Covington 0-0: Called Strike
0-1: Foul Ball, location: 2F
0-2: Foul Ball, location: 2F
0-2: Foul Ball, location: 2F
0-2: Ball
1-2: Strikes out swinging
Top of the 1st over - 1 run, 0 hits, 0 errors, 3 left on base; Spokane 1 - Aberdeen 0
BOTTOM OF THE 1ST
Aberdeen Ironbirds batting - Pitching for Spokane Indians : RHP Tse-peng Kuang
Pitching: RHP Tse-peng Kuang
Batting: LHB Eric Jackson 0-0: Ball
1-0: Called Strike
1-1: Ball
2-1: SINGLE (Flyball, 6D, EV 88.1 MPH)
Batting: LHB Shane Free 0-0: Called Strike
0-1: Swinging Strike
0-2: Strikes out looking
Batting: RHB J.J. Basil 0-0: Fly out, F8 (Line Drive, 8LD, EV 87.5 MPH)
Batting: RHB Alex Valencia 0-0: Foul Ball, location: 2F
0-1: Swinging Strike
0-2: Ball
1-2: Foul Ball, location: 2F
1-2: Foul Ball, location: 2F
1-2: Strikes out swinging
Bottom of the 1st over - 0 runs, 1 hit, 0 errors, 1 left on base; Spokane 1 - Aberdeen 0
TOP OF THE 2ND
Spokane Indians batting - Pitching for Aberdeen Ironbirds : RHP Jonathan Spicer
Batting: LHB Jose Baez 0-0: Ball
1-0: Ball
2-0: Ball
3-0: Called Strike
3-1: Base on Balls
Batting: RHB Tim Seggerman 0-0: Called Strike
0-1: Swinging Strike
0-2: Strikes out looking
Batting: RHB Dennis Daniels 0-0: Ball
Jose Baez steals 2nd base
1-0: Ball
2-0: Ball
3-0: Called Strike
3-1: SINGLE (Line Drive, 4D, EV 110.0 MPH)
Jose Baez to third
Runner from 3rd tries for Home, SAFE, throw by RF to home
Batting: RHB Andrew Clarke 0-0: Called Strike
Dennis Daniels is caught stealing 2nd base 2-4
0-1: Ball
1-1: Ball
2-1: Foul Ball, location: 2F
2-2: Foul Ball, location: 2F
2-2: Ball
3-2: Base on Balls
Batting: RHB Jesse White 0-0: Called Strike
0-1: Swinging Strike
0-2: Foul Ball, location: 2F
0-2: Ball
1-2: Foul Ball, location: 2F
1-2: Foul Ball, location: 2F
1-2: Ball
2-2: Strikes out swinging
Top of the 2nd over - 1 run, 1 hit, 0 errors, 1 left on base; Spokane 2 - Aberdeen 0
BOTTOM OF THE 2ND
Aberdeen Ironbirds batting - Pitching for Spokane Indians : RHP Tse-peng Kuang
Batting: RHB Juan Estrada 0-0: Ball
1-0: Ball
2-0: Called Strike
2-1: Ball
3-1: SINGLE (Groundball, 23, EV 73.8 MPH) (infield hit)
Batting: RHB Fernando Bravo 0-0: Ball
1-0: Foul Ball, location: 2F
1-1: Ball
2-1: Fly out, F9 (Flyball, 9S, EV 91.2 MPH)
Batting: RHB Lee Deason 0-0: Called Strike
0-1: Ball
1-1: Ball
Pickoff Throw by Catcher to First - Out!
2-1: Called Strike
2-2: Foul Ball, location: 2F
2-2: Strikes out looking
Bottom of the 2nd over - 0 runs, 1 hit, 0 errors, 0 left on base; Spokane 2 - Aberdeen 0
TOP OF THE 3RD
Spokane Indians batting - Pitching for Aberdeen Ironbirds : RHP Jonathan Spicer
Batting: LHB William Hanley 0-0: Called Strike
0-1: Called Strike
0-2: Strikes out swinging
Batting: RHB Gavin Fimple 0-0: SINGLE (Groundball, 6MD, EV 96.2 MPH)
Batting: RHB Brandon Davis 0-0: Ball
1-0: Ball
2-0: Swinging Strike
2-1: Ball
3-1: Called Strike
3-2: Strikes out swinging
Batting: LHB Justin Covington 0-0: Ball
1-0: Swinging Strike
1-1: Ball
2-1: Swinging Strike
2-2: Ball
Gavin Fimple steals 2nd base
3-2: Strikes out swinging
Top of the 3rd over - 0 runs, 1 hit, 0 errors, 1 left on base; Spokane 2 - Aberdeen 0
BOTTOM OF THE 3RD
Aberdeen Ironbirds batting - Pitching for Spokane Indians : RHP Tse-peng Kuang
Batting: RHB Ryan Vest 0-0: Fly out, F4 (Flyball, 34D, EV 93.1 MPH)
Batting: RHB Ioan Biros 0-0: Ball
1-0: Ball
2-0: Called Strike
2-1: Ball
3-1: Called Strike
3-2: Foul Ball, location: 2F
3-2: Strikes out looking
Batting: LHB Eric Jackson 0-0: SINGLE (Groundball, 34D, EV 101.9 MPH)
Batting: LHB Shane Free 0-0: Ball
1-0: Called Strike
1-1: Foul Ball, location: 2F
1-2: Foul Ball, location: 2F
1-2: Strikes out swinging
Bottom of the 3rd over - 0 runs, 1 hit, 0 errors, 1 left on base; Spokane 2 - Aberdeen 0
TOP OF THE 4TH
Spokane Indians batting - Pitching for Aberdeen Ironbirds : RHP Jonathan Spicer
Batting: LHB Jose Baez 0-0: Ball
1-0: Foul Ball, location: 2F
1-1: Ball
2-1: Called Strike
2-2: Foul Ball, location: 2F
2-2: Strikes out looking
Pitching: LHP Chris Brown
Batting: RHB Tim Seggerman 0-0: Swinging Strike
0-1: Swinging Strike
0-2: Ball
1-2: Strikes out swinging
Batting: RHB Dennis Daniels 0-0: Ball
1-0: Ball
2-0: Fly out, F5 (Flyball, 5D, EV 67.5 MPH)
Top of the 4th over - 0 runs, 0 hits, 0 errors, 0 left on base; Spokane 2 - Aberdeen 0
BOTTOM OF THE 4TH
Aberdeen Ironbirds batting - Pitching for Spokane Indians : RHP Tse-peng Kuang
Batting: RHB J.J. Basil 0-0: SINGLE (Groundball, 5S, EV 70.6 MPH) (infield hit)
Batting: RHB Alex Valencia 0-0: Fielders Choice at 2nd, 4-6 (Groundball, 4, EV 83.8 MPH)
Batting: RHB Juan Estrada 0-0: Ball
1-0: Called Strike
Alex Valencia is caught stealing 2nd base 2-4
1-1: Ball
2-1: SINGLE (Groundball, 56, EV 105.6 MPH)
Batting: RHB Fernando Bravo 0-0: Foul Ball, location: 2F
0-1: Called Strike
0-2: Ball
1-2: Ball
2-2: Ball
3-2: Strikes out looking
Bottom of the 4th over - 0 runs, 2 hits, 0 errors, 1 left on base; Spokane 2 - Aberdeen 0
TOP OF THE 5TH
Spokane Indians batting - Pitching for Aberdeen Ironbirds : LHP Chris Brown
Batting: RHB Andrew Clarke 0-0: Ball
1-0: Ball
2-0: Ball
3-0: Called Strike
3-1: Base on Balls
Batting: RHB Jesse White 0-0: Called Strike
0-1: Ball
Andrew Clarke steals 2nd base
1-1: Ball
2-1: Ball
3-1: Called Strike
3-2: Foul Ball, location: 2F
3-2: Base on Balls
Batting: RHB Ken Howard 0-0: Reached on error, E6 (Groundball, 6, EV 92.5 MPH)
Andrew Clarke to third
Jesse White to second
Batting: RHB Gavin Fimple 0-0: Ball
1-0: Swinging Strike
1-1: Foul Ball, location: 2F
1-2: SINGLE (Groundball, 6, EV 96.9 MPH)
Andrew Clarke scores
Jesse White to third
Ken Howard to second
Batting: RHB Brandon Davis 0-0: Ball
1-0: Swinging Strike
1-1: Foul Ball, location: 2F
1-2: Strikes out looking
Batting: LHB Justin Covington 0-0: Foul Ball, location: 2F
0-1: Foul Ball, location: 2F
0-2: Strikes out looking
Batting: LHB Jose Baez 0-0: Called Strike
0-1: Ball
1-1: Ball
2-1: Foul Ball, location: 2F
2-2: Fly out, F7 (Flyball, 78M, EV 85.6 MPH)
Top of the 5th over - 1 run, 1 hit, 1 error, 3 left on base; Spokane 3 - Aberdeen 0
BOTTOM OF THE 5TH
Aberdeen Ironbirds batting - Pitching for Spokane Indians : RHP Tse-peng Kuang
Batting: RHB Lee Deason 0-0: Ball
1-0: Called Strike
1-1: Ground out 6-3 (Groundball, 56, EV 83.8 MPH)
Batting: RHB Ryan Vest 0-0: Ball
1-0: Called Strike
1-1: Ball
2-1: Swinging Strike
2-2: Strikes out swinging
Batting: RHB Ioan Biros 0-0: Called Strike
0-1: Ground out 6-3 (Groundball, 6M, EV 88.1 MPH)
Bottom of the 5th over - 0 runs, 0 hits, 0 errors, 0 left on base; Spokane 3 - Aberdeen 0
TOP OF THE 6TH
Spokane Indians batting - Pitching for Aberdeen Ironbirds : LHP Chris Brown
Batting: RHB Tim Seggerman 0-0: Ball
1-0: Called Strike
1-1: Ball
2-1: Ball
3-1: Called Strike
3-2: Foul Ball, location: 2F
3-2: Ground out 4-3 (Groundball, 34, EV 108.1 MPH)
Pitching: LHP Josh Binyon
Batting: RHB Dennis Daniels 0-0: Ball
1-0: Ball
2-0: Foul Ball, location: 2F
2-1: Called Strike
2-2: Strikes out swinging
Batting: RHB Andrew Clarke 0-0: Called Strike
0-1: Foul Ball, location: 2F
0-2: Ball
1-2: Ball
2-2: Ball
3-2: Base on Balls
Batting: RHB Jesse White 0-0: Ball
1-0: Ground out 4-3 (Groundball, 34, EV 100.6 MPH)
Top of the 6th over - 0 runs, 0 hits, 0 errors, 1 left on base; Spokane 3 - Aberdeen 0
BOTTOM OF THE 6TH
Aberdeen Ironbirds batting - Pitching for Spokane Indians : RHP Tse-peng Kuang
Batting: LHB Eric Jackson 0-0: Foul Ball, location: 2F
0-1: Swinging Strike
0-2: Foul Ball, location: 2F
0-2: Strikes out swinging
Batting: LHB Shane Free 0-0: Called Strike
0-1: SINGLE (Groundball, 56D, EV 109.4 MPH)
Batting: RHB J.J. Basil 0-0: Called Strike
0-1: Ball
Shane Free is caught stealing 2nd base 2-4
1-1: Ball
2-1: Called Strike
2-2: Ball
3-2: Fly out, F9 (Line Drive, 9S, EV 86.9 MPH)
Bottom of the 6th over - 0 runs, 1 hit, 0 errors, 0 left on base; Spokane 3 - Aberdeen 0
TOP OF THE 7TH
Spokane Indians batting - Pitching for Aberdeen Ironbirds : LHP Josh Binyon
Batting: RHB Ken Howard 0-0: Called Strike
0-1: Ground out 1-3 (Groundball, 13S, EV 68.1 MPH)
Batting: RHB Gavin Fimple 0-0: Ball
1-0: Called Strike
1-1: Ball
2-1: Foul Ball, location: 2F
2-2: Foul Ball, location: 2F
2-2: Strikes out looking
Batting: RHB Brandon Davis 0-0: Fly out, F8 (Flyball, 8LD, EV 83.8 MPH)
Top of the 7th over - 0 runs, 0 hits, 0 errors, 0 left on base; Spokane 3 - Aberdeen 0
BOTTOM OF THE 7TH
Aberdeen Ironbirds batting - Pitching for Spokane Indians : RHP Tse-peng Kuang
Now at 1B: Tony Mendez
Now at 2B: Knud Prins
Batting: RHB Alex Valencia 0-0: Called Strike
0-1: Ball
1-1: Foul Ball, location: 2F
1-2: Ball
2-2: Ball
3-2: Strikes out swinging
Batting: RHB Juan Estrada 0-0: Ball
1-0: Foul Ball, location: 2F
1-1: Swinging Strike
1-2: Ball
2-2: Fly out, F6 (Popup, P, EV 88.1 MPH)
Batting: RHB Fernando Bravo 0-0: Ball
1-0: Foul Ball, location: 2F
1-1: Foul Ball, location: 2F
1-2: Strikes out swinging, 2-3 out at first.
Bottom of the 7th over - 0 runs, 0 hits, 0 errors, 0 left on base; Spokane 3 - Aberdeen 0
TOP OF THE 8TH
Spokane Indians batting - Pitching for Aberdeen Ironbirds : LHP Josh Binyon
Pitching: LHP Vinny Duarte
Batting: LHB Justin Covington 0-0: Swinging Strike
0-1: Swinging Strike
0-2: Strikes out swinging
Batting: LHB Jose Baez 0-0: Called Strike
0-1: Foul Ball, location: 2F
0-2: Ball
1-2: Strikes out looking
Batting: RHB Tim Seggerman 0-0: Ball
1-0: Called Strike
1-1: Called Strike
1-2: Strikes out swinging
Top of the 8th over - 0 runs, 0 hits, 0 errors, 0 left on base; Spokane 3 - Aberdeen 0
BOTTOM OF THE 8TH
Aberdeen Ironbirds batting - Pitching for Spokane Indians : RHP Tse-peng Kuang
Batting: RHB Lee Deason 0-0: SINGLE (Line Drive, 34D, EV 96.9 MPH)
Batting: RHB Ryan Vest 0-0: Called Strike
0-1: Called Strike
0-2: Ball
1-2: SINGLE (Groundball, 6MD, EV 100.0 MPH)
Lee Deason to second
Batting: RHB Ioan Biros 0-0: Swinging Strike
0-1: Grounds into double play, 6-4-3 (Groundball, 56D, EV 81.9 MPH)
Lee Deason to third
Batting: LHB Eric Jackson 0-0: Foul Ball, location: 2F
0-1: Called Strike
0-2: SINGLE (Flyball, 78S, EV 85.0 MPH)
Lee Deason scores
Pitching: LHP Efraim van der Peet
Batting: RHB Mike Zepeda 0-0: Foul Ball, location: 2F
0-1: Ball
Wild Pitch!
Eric Jackson to second
1-1: Foul Ball, location: 2F
1-2: Ball
2-2: Ball
3-2: Strikes out swinging
Bottom of the 8th over - 1 run, 3 hits, 0 errors, 1 left on base; Spokane 3 - Aberdeen 1
TOP OF THE 9TH
Spokane Indians batting - Pitching for Aberdeen Ironbirds : LHP Vinny Duarte
Pitching: RHP Toshiyuki Funaki
Pinch Hitting: LHB Gabriel Graves 0-0: Ball
1-0: Fly out, F7 (Flyball, 7, EV 75.6 MPH)
Batting: RHB Tony Mendez 0-0: Swinging Strike
0-1: Foul Ball, location: 2F
0-2: Ball
1-2: Strikes out swinging
Batting: RHB Knud Prins 0-0: Ball
1-0: Called Strike
1-1: Foul Ball, location: 2F
1-2: SINGLE (Groundball, 6D, EV 110.0 MPH)
Batting: RHB Ken Howard 0-0: Ball
1-0: Ground out 1-3 (Groundball, 13S, EV 69.4 MPH)
Top of the 9th over - 0 runs, 1 hit, 0 errors, 1 left on base; Spokane 3 - Aberdeen 1
BOTTOM OF THE 9TH
Aberdeen Ironbirds batting - Pitching for Spokane Indians : LHP Efraim van der Peet
Pitching: LHP Ryan Fulford
Now at SS: Jose Guerrero
Batting: RHB J.J. Basil 0-0: SINGLE (Line Drive, 8RS, EV 111.9 MPH)
Batting: RHB Alex Valencia 0-0: Called Strike
0-1: Ball
1-1: Ball
2-1: Foul Ball, location: 2F
2-2: Foul Ball, location: 2F
2-2: Foul Ball, location: 2F
2-2: Ball
3-2: Strikes out swinging
Batting: RHB Juan Estrada 0-0: Called Strike
0-1: Ball
1-1: Ball
2-1: Foul Ball, location: 2F
2-2: Strikes out swinging
Batting: RHB Fernando Bravo 0-0: Ball
1-0: Fly out, F7 (Flyball, 7S, EV 76.2 MPH)
Bottom of the 9th over - 0 runs, 1 hit, 0 errors, 1 left on base; Spokane 3 - Aberdeen 1
Wednesday, June 22nd , 2022 - OOTP Baseball 23.4 Build 64